 Dungeon Crawl Stone Soup version 0.29.1-1-gd02db6906a (webtiles) character file.

Game seed: 16785258503025872647

935 hawla the Magician (level 8, -3/58 HPs)
             Began as a Meteoran Wanderer on Oct 6, 2022.
             Was a Plaything of Xom.
             Slain by an iguana (12 damage)
             ... on level 5 of the Dungeon.
             The game lasted 00:15:38 (2525 turns).

hawla the Magician (Meteoran Wanderer)              Turns: 2525, Time: 00:15:38

Health: -3/58      AC:  3    Str: 11    XL:     8   Next: 59%
Magic:  8/20       EV: 13    Int: 19    God:    Xom [...*..]
Gold:   203        SH:  7    Dex: 19    Spells: 17/21 levels left

rFire   . . .      SeeInvis .   r - +1 dagger (vamp)
rCold   . . .      Faith    .   e - +2 buckler
rNeg    . . .      Spirit   .   d - +0 robe
rPois   .          Reflect  .   b - +0 helmet
rElec   .          Harm     .   (no cloak)
rCorr   .          Rampage  .   (no gloves)
Will    +....                   (no boots)
Stlth   +.........              (no amulet)
HPRegen 0.19/turn               f - +6 ring of intelligence
MPRegen 0.17/turn               l - ring of flight

@: about to teleport, flying, glowing
A: sense surroundings 1, otherworldly, glowing, explore regen
a: Renounce Religion


You were on level 5 of the Dungeon.
You worshipped Xom.
You were a favourite toy of Xom.
You visited 2 branches of the dungeon, and saw 6 of its levels.

You collected 203 gold pieces.

Inventory:

Hand Weapons
 r - a +1 vampiric dagger (weapon)
Armour
 b - a +0 helmet (worn)
 d - a +0 robe (worn)
 e - a +2 buckler (worn)
Jewellery
 f - a +6 ring of intelligence (left hand)
 l - a ring of flight (right hand)
 m - a ring of ice
Wands
 j - a wand of flame (10)
Potions
 c - a potion of resistance
 g - a potion of haste
 h - a potion of curing
 k - a potion of brilliance {unknown}
 n - a potion of invisibility {unknown}
 p - 2 potions of lignification {unknown}
 q - a potion of ambrosia {unknown}


   Skills:
 + Level 0.7 Fighting
 + Level 2.4 Short Blades
 - Level 2.4 Throwing
 + Level 3.4 Dodging
 + Level 0.3 Stealth
 + Level 3.4 Shields
 + Level 7.3 Spellcasting
 + Level 6.0 Necromancy
 + Level 1.3 Evocations


You had 17 spell levels left.
You knew the following spells:

 Your Spells              Type           Power      Damage    Failure   Level
a - Necrotise             Necr           100%       1d9       1%          1
b - Vampiric Draining     Necr           30%        2d8       3%          3

Your spell library contained the following spells:

 Spells                   Type           Power      Damage    Failure   Level
 Summon Small Mammal      Summ           28%        N/A       13%         1
 Call Canine Familiar     Summ           7%         N/A       36%         3
 Summon Guardian Golem    Hex/Summ       7%         N/A       36%         3


Dungeon Overview and Level Annotations

Branches:
Dungeon (5/15) Zot: 314    Temple (1/1) D:4 Zot: 542

Altars:
Ashenzari
Cheibriados
Dithmenos
Elyvilon
Gozag
Hepliaklqana
Nemelex Xobeh
Sif Muna
Vehumet
Wu Jian
Xom
Yredelemnul


Innate Abilities, Weirdness & Mutations

You passively map a small area around you.
You are easily found by Zot.
You glow in the dark.
You regain HP and MP as you explore.


Message History

You block the iron imp's attack.
You closely miss the iron imp.
The iron imp is lightly wounded.
The iron imp hits you!
You hit the iron imp but do no damage.
The iron imp is lightly wounded.
You block the iron imp's attack.
You hit the iron imp.
The iron imp is moderately wounded.
You barely miss the iron imp.
The iron imp is moderately wounded.
You block the iron imp's attack.
You hit the iron imp but do no damage.
The iron imp is moderately wounded.
You block the iron imp's attack.
You barely miss the iron imp.
The iron imp is moderately wounded.
The river rat twitches its whiskers.
The iron imp hits you but does no damage.
Really fly into that cloud of poison gas?
You are engulfed in poison gas.
You are lethally poisoned!
* * * LOW HITPOINT WARNING * * *
You feel very sick. 2 rats, an iguana and 3 quokkas come into view.
* * * LOW HITPOINT WARNING * * *
You feel very sick.
The iguana hisses angrily.
The iguana bites you!
* * * LOW HITPOINT WARNING * * *
Xom thinks this is hilarious!
A river rat comes into view.
You feel better. The iguana bites you.
* * * LOW HITPOINT WARNING * * *
A river rat comes into view.
As you read the scroll of teleportation, it crumbles to dust.
You feel strangely unstable. You block the iguana's attack.
The iguana attacks as you move away! The iguana bites you!
You die...
Xom chortles! .# * .# ,,.## .# , ..# .# * ,...# ## * ...# * rr..

# , *#.r, #.###r#*
*,#.@l##* , ####
####.# * , ...# ,**
#.## * ...# *#5#
...# ###r## * ...#
###### .5r#.#
...####[#.5###rr.#*
....##.#.##..55..#
......#.###.##†##..#


You could see an iguana, 2 river rats and a quokka.

Vanquished Creatures
  2 ogres (D:5)
  A kobold brigand (D:4)
  A necrophage (D:4)
  5 scorpions
  A jelly (D:5)
  A hound (D:3)
  3 iguanas
  4 river rats (D:5)
  5 adders
  A shadow imp (D:5)
  An ufetubus (D:5)
  A worm (D:5)
  2 orcs
  7 ball pythons
  5 bats
  2 endoplasms
  5 giant cockroaches
  6 goblins
  6 hobgoblins
  8 jackals
  5 kobolds
  5 quokkas
  7 frilled lizards
  6 rats
90 creatures vanquished.

Vanquished Creatures (collateral kills)
  A jelly (D:5)
  3 endoplasms (D:2)
  A giant cockroach (D:1)
  2 goblins (D:1)
  A quokka (D:1)
  A kobold (D:3)
  A rat (D:5)
10 creatures vanquished.

Grand Total: 100 creatures vanquished

Notes
Turn   | Place    | Note
-------+----------+-------------------------------------------
     0 | D:1      | hawla the Meteoran Wanderer began the quest for the Orb.
     0 | D:1      | hawla set off with the following items: a +0 dagger, a +0
                  | helmet, a scroll of vulnerability, a +0 robe, a +2 buckler;
                  | and the following spell memorised: Necrotise; and the
                  | following spells available to memorise: Vampiric Draining.
     0 | D:1      | Reached XP level 1. HP: 14/14 MP: 5/5
    35 | D:1      | Reached XP level 2. HP: 19/20 MP: 1/6
   103 | D:1      | Found a faded altar of an unknown god.
   261 | D:1      | Reached skill level 3 in Spellcasting
   321 | D:1      | Reached XP level 3. HP: 26/26 MP: 5/8
   450 | D:1      | Glimpsed the power of Zot.
   648 | D:2      | Reached XP level 4. HP: 22/33 MP: 1/9
   976 | D:2      | Glimpsed the power of Zot.
  1032 | D:3      | Learned a level 3 spell: Vampiric Draining
  1069 | D:3      | Found a snail-covered altar of Cheibriados.
  1152 | D:3      | Reached XP level 5. HP: 30/38 MP: 5/11
  1211 | D:3      | Found a sparkling altar of Nemelex Xobeh.
  1284 | D:3      | Found a hazy altar of Hepliaklqana.
  1534 | D:3      | Glimpsed the power of Zot.
  1574 | D:4      | Reached skill level 4 in Spellcasting
  1574 | D:4      | Reached XP level 6. HP: 22/45 MP: 1/13
  1671 | D:4      | Reached skill level 1 in Short Blades
  1752 | D:4      | Reached XP level 7. HP: 43/51 MP: 12/15
  1831 | D:4      | Reached skill level 5 in Spellcasting
  1873 | D:4      | Found a staircase to the Ecumenical Temple.
  1892 | D:4      | Reached skill level 5 in Necromancy
  1897 | Temple   | Entered the Ecumenical Temple
  2100 | D:5      | Entered Level 5 of the Dungeon
  2255 | D:5      | Reached skill level 6 in Spellcasting
  2255 | D:5      | Reached XP level 8. HP: 53/58 MP: 9/18
  2352 | D:5      | Found a broken altar of Ashenzari.
  2352 | D:5      | Found a shimmering altar of Xom.
  2352 | D:5      | Found an ornate altar of the Wu Jian Council.
  2426 | D:5      | Became a worshipper of Xom of Chaos
  2467 | D:5      | Reached skill level 7 in Spellcasting
  2477 | D:5      | XOM: silly message
  2497 | D:5      | XOM: summons 4 hostile demons
  2521 | D:5      | HP: 2/58 [iguana (12)]
  2525 | D:5      | Slain by an iguana

Illustrated notes

Levels and vault maps discovered:
D:1:      minmay_arrival_checkered_box, layout_basic,
          hellmonk_ecumenical_altar_heavens_door, dreamdust_mushroom_princess,
          kennysheep_crisscross
D:2:      layout_loops_ring, basic_altar, mrwooster_statue_mirror,
          kennysheep_cluttered_room, uniq_crazy_yiuf_cottage
D:3:      layout_loops_ring, mainiacjoe_overflow_surrounded_room,
          nzn_hepliaklqana_mist_gate, cheibriados_altar_1, minivault_14
D:4:      layout_basic, minmay_temple_entry_antechambers, kennysheep_nondescript
D:5:      lemuel_ratsnest, layout_basic,
          chequers_temple_overflow_statue_of_worship
Temple:   hellmonk_temple_two_chambers

Skill      XL: |  1  2  3  4  5  6  7  8 |
---------------+-------------------------+-----
Necromancy     | 2 3 4 5 6 |  6.0
Spellcasting   | 3 4 6 7 |  7.3
Short Blades   | 1 2 |  2.4
Dodging        | 3 |  3.4
Shields        | 3 |  3.4
Fighting       | |  0.7
Throwing       | |  2.4
Stealth        | |  0.3
Evocations     | |  1.3

Action                   |  1- 3 |  4- 6 |  7- 9 || total
-------------------------+-------+-------+-------++-------
Melee: Dagger            |    38 |    48 |    53 ||   139
 Cast: Necrotise         |    47 |    54 |    75 ||   176
       Vampiric Draining |       |     3 |    13 ||    16
Evoke: Wand              |       |       |     3 ||     3
  Use: Scroll            |     5 |     5 |     4 ||    14
       Potion            |       |     3 |     1 ||     4
 Stab: Distracted        |       |     1 |       ||     1
Armor: Robe              |    16 |     4 |    24 ||    44
Dodge: Dodged            |    33 |    38 |    36 ||   107
Block: Buckler           |    21 |    30 |    39 ||    90
